 Dungeon Crawl Stone Soup version 0.31.0-1-g2c135a0 (webtiles) character file.

Game seed: 7421703092415622278

3125 skavnox the Fighter (level 9, -5/89 HPs)
             Began as a Minotaur Fighter on Feb 6, 2024.
             Was an Initiate of Okawaru.
             Slain by an orc warrior
             ... wielding a +0 battleaxe
              (13 damage)
             ... on level 7 of the Dungeon.
             The game lasted 00:22:19 (7033 turns).

skavnox the Fighter (Minotaur Fighter)              Turns: 7033, Time: 00:22:20

Health: -5/89      AC: 15    Str: 25    XL:     9   Next: 61%
Magic:  8/8        EV:  7    Int:  5    God:    Okawaru [......]
Gold:   535        SH:  6    Dex: 16    Spells: 8/8 levels left

rFire   . . .        a - +0 war axe
rCold   . . .        c - +0 buckler
rNeg    . . .        w - +0 plate armour
rPois   .            (helmet restricted)
rElec   .            n - +0 cloak
rCorr   .            (no gloves)
SInv    .            (no boots)
Will    .....        (no amulet) Stlth
                     t - +6 ring of dexterity
HPRegen 0.34/turn    (no ring)
MPRegen 0.11/turn

%: no passive effects
@: lethally poisoned (-5 -> -16), studying 2 skills
A: horns 2, retaliatory headbutt
a: Renounce Religion


You were on level 7 of the Dungeon.
You worshipped Okawaru.
Okawaru was noncommittal.
You visited 2 branches of the dungeon, and saw 9 of its levels.
You also visited: Sewer.

You collected 535 gold pieces.

Inventory:

Hand Weapons
 a - a +0 war axe (weapon)
Missiles
 l - 5 poisoned darts
 v - 4 boomerangs (quivered)
Armour
 c - a +0 buckler (worn)
 n - a +0 cloak (worn)
 w - a +0 plate armour (worn)
Jewellery
 t - a +6 ring of dexterity (left hand)
 z - a ring of protection from fire
Wands
 p - a wand of flame (25)
 s - a wand of charming (17)
Scrolls
 b - a scroll of amnesia {unknown}
 e - a scroll of brand weapon {unknown}
 f - a scroll of identify
 g - 2 scrolls of vulnerability {unknown}
 h - 2 scrolls of revelation {unknown}
 i - 4 scrolls of teleportation {unknown}
 m - 3 scrolls of fear {unknown}
 o - a scroll of blinking {unknown}
 q - a scroll of fog {unknown}
 u - a scroll of noise {unknown}
 y - a scroll of enchant weapon {unknown}
Potions
 d - 2 potions of might
 j - a potion of curing
 k - a potion of heal wounds
 r - a potion of enlightenment
 x - a potion of invisibility {unknown}


   Skills:
 + Level 11.4 Fighting
 + Level 8.4 Axes
 + Level 8.9 Armour
 + Level 8.9 Shields


You had 8 spell levels left.
You didn't know any spells.
Your spell library contained the following spells:

 Spells                   Type           Power      Damage    Failure   Level
 Mercury Vapours          Alch/Air       0%         N/A       100%        2
 Mephitic Cloud           Conj/Alch/Air  0%         N/A       100%        3
 Alistair's Intoxication  Alch           0%         N/A       100%        5
 Borgnjor's Vile Clutch   Necr/Erth      0%         N/A       100%        5
 Freezing Cloud           Conj/Ice/Air   0%         6-21      100%        5
 Eringya's Noxious Bog    Alch           0%         4d6       100%        6


Dungeon Overview and Level Annotations

Branches:
Dungeon (8/15) Zot: 26957  Temple (1/1) D:7 Zot: 5878   Sewer (visited)
   Lair: D:8-11

Altars:
Ashenzari
Cheibriados
Dithmenos
Fedhas
Gozag
Hepliaklqana
Kikubaaqudgha
Makhleb
Nemelex Xobeh
Okawaru
Qazlal
Ru
Trog
Uskayaw
Vehumet
Wu Jian
Xom
Yredelemnul
Zin
The Shining One


Innate Abilities, Weirdness & Mutations

You have a pair of horns on your head.
You reflexively headbutt those who attack you in melee.


Message History

You barely miss the orc warrior.
The orc warrior is moderately wounded.
You hit the water moccasin. The water moccasin bites you.
You are poisoned.
The water moccasin poisons you! You block the orc warrior's attack.
The water moccasin bites you but does no damage.
You hit the orc warrior but do no damage.
The orc warrior is moderately wounded.
You miss the water moccasin.
You feel very sick.
The orc warrior hits you with a +0 battleaxe!
* * * LOW HITPOINT WARNING * * *
The water moccasin bites you but does no damage.
The orc warrior hits you with a +0 battleaxe.
* * * LOW HITPOINT WARNING * * *
You hit the water moccasin.
The water moccasin is heavily wounded.
You closely miss the orc warrior.
* * * LOW HITPOINT WARNING * * *
You feel very sick. The water moccasin bites you.
* * * LOW HITPOINT WARNING * * *
You are more poisoned.
The water moccasin poisons you! The water moccasin barely misses you.
The orc warrior barely misses you. You furiously retaliate!
You headbutt the orc warrior!
You feel better. The water moccasin bites you.
* * * LOW HITPOINT WARNING * * *
You are poisoned.
The water moccasin poisons you! You block the orc warrior's attack.
You hit the water moccasin but do no damage.
The water moccasin is heavily wounded.
You hit the orc warrior but do no damage.
* * * LOW HITPOINT WARNING * * *
You feel very sick. The water moccasin bites you.
* * * LOW HITPOINT WARNING * * *
The water moccasin completely misses you.
The orc warrior hits you with a +0 battleaxe!
You die...

.##############################..
.................................
################........#######..
#........# #.. #####........# #.#
##............# #.#
##..###........# #.# ## #####..##
#o.......# #.# .## #.....##
#@S......# ##.# ..####.#.#.#
#.)......# #..# ...........#
#.######## #.## ...##.#.#..# #.#
#.# .#.#.......#####.# #.#
.#...#.8.#...##..#### ###
...#...)...#....#...###
.#...8.>)8)..#........###
...#...[..)#...##.......##


You could see an orc warrior and a water moccasin.

Vanquished Creatures
  A wyvern (D:6)
  A steam dragon (D:7)
  A water moccasin (D:7)
  An orc warrior (D:6)
  An ice beast (D:5)
  3 black bears (D:7)
  A sky beast (D:7)
  An ogre (D:6)
  3 centaurs
  A phantom (D:6)
  2 bullfrogs (Sewer)
  A kobold brigand (D:8)
  A gnoll sergeant (D:4)
  3 scorpions
  3 wights (D:7)
  A howler monkey (D:5)
  A crimson imp (D:4)
  2 orc priests
  3 bombardier beetles
  2 jellies
  5 hounds
  7 iguanas
  Ijyb (D:5)
  6 orc wizards
  A sleepcap (D:6)
  Robin (D:3)
  7 gnolls
  11 adders
  A white imp (D:6)
  2 ufetubi (D:5)
  2 ribbon worms
  13 dart slugs
  31 orcs
  6 endoplasms
  11 giant cockroaches
  15 goblins (D:3)
  6 hobgoblins
  3 jackals (D:3)
  14 kobolds
  A quokka (D:5)
  8 ball pythons
  16 bats
  5 frilled lizards
  12 rats
218 creatures vanquished.

Notes
Turn   | Place    | Note
-------+----------+-------------------------------------------
     0 | D:1      | skavnox the Minotaur Fighter began the quest for the Orb.
     0 | D:1      | Reached XP level 1. HP: 19/19 MP: 0/0
   561 | D:1      | You fall into a shaft and drop 1 floor!
   567 | D:2      | Reached XP level 2. HP: 27/27 MP: 1/1
   880 | D:2      | Reached skill level 4 in Fighting
   908 | D:2      | Reached XP level 3. HP: 24/33 MP: 2/2
  1376 | D:3      | Reached XP level 4. HP: 40/40 MP: 3/3
  1414 | D:3      | Found a glowing drain.
  1450 | Sewer    | Entered a sewer
  1740 | Sewer    | Reached XP level 5. HP: 43/47 MP: 4/4
  1832 | Sewer    | Reached skill level 5 in Armour
  1964 | Sewer    | Reached skill level 5 in Fighting
  1964 | Sewer    | Reached skill level 5 in Shields
  1964 | Sewer    | Reached XP level 6. HP: 34/56 MP: 5/5
  2373 | D:3      | Found a sparkling altar of Nemelex Xobeh.
  2592 | D:3      | Found a stormy altar of Qazlal.
  2596 | D:3      | Found an ancient bone altar of Kikubaaqudgha.
  2601 | D:3      | Found a hazy altar of Hepliaklqana.
  2778 | D:3      | Noticed Robin
  2790 | D:3      | Killed Robin
  3169 | D:4      | Reached skill level 6 in Fighting
  3302 | D:4      | Reached skill level 5 in Axes
  3302 | D:4      | Reached XP level 7. HP: 53/63 MP: 6/6
  3556 | D:4      | Found a radiant altar of Vehumet.
  3556 | D:4      | Found a burning altar of Makhleb.
  3670 | D:4      | Found a sacrificial altar of Ru.
  3677 | D:4      | Found an opulent altar of Gozag.
  3730 | D:4      | Found a shadowy altar of Dithmenos.
  3730 | D:4      | Found a basalt altar of Yredelemnul.
  3777 | D:5      | Entered Level 5 of the Dungeon
  3944 | D:5      | Reached skill level 7 in Fighting
  4558 | D:5      | Noticed Ijyb
  4576 | D:5      | Killed Ijyb
  4577 | D:5      | Reached XP level 8. HP: 55/74 MP: 7/7
  4666 | D:5      | Reached skill level 8 in Fighting
  5544 | D:6      | Reached skill level 9 in Fighting
  6064 | D:6      | Found a bloodstained altar of Trog.
  6322 | D:7      | Reached skill level 10 in Fighting
  6322 | D:7      | Reached XP level 9. HP: 81/85 MP: 8/8
  6454 | D:7      | Found a staircase to the Ecumenical Temple.
  6522 | D:7      | Reached skill level 11 in Fighting
  6525 | Temple   | Entered the Ecumenical Temple
  6636 | Temple   | Became a worshipper of Warmaster Okawaru
  7033 | D:7      | Slain by an orc warrior

Illustrated notes

Levels and vault maps discovered:
D:1:      amcnicky_arrival_underground_garden, layout_loops_ring,
          minmay_rat_gold_closets
D:2:      layout_loops_ring
D:3:      kennysheep_goblin_castle, layout_rooms, grunt_temple_overflow_diamond,
          mainiacjoe_overflow_concentric_impassable,
          cheibrodos_sewer_entry_sluice
D:4:      layout_rooms, grunt_temple_overflow_lords_of_destruction,
          gammafunk_temple_overflow_elements, amethyst_overflow_temple_binary,
          roderic_batcave, hex_intersection
D:5:      layout_basic, minmay_manual_monolith, uniq_ijyb
D:6:      layout_loops_ring, bloody_trog
D:7:      layout_rooms, minmay_temple_entry_sparse_star, serial_curves,
          eino_curves_01, eino_curves_03, fountainhead
D:8:      layout_rooms, hellmonk_sif_muna_bookshelves
Temple:   nicolae_temple_figure_zero

Skill      XL: |  1  2  3  4  5  6  7  8  9 |
---------------+----------------------------+-----
Fighting       | 4 5 6 7 10 11 | 11.4
Axes           | 3 4 5 6 7 8 |  8.4
Armour         | 4 5 6 7 8 |  8.9
Shields        | 4 5 6 7 8 |  8.9

Action                     |  1- 3 |  4- 6 |  7- 9 || total
---------------------------+-------+-------+-------++-------
  Melee: War axe           |    66 |   202 |   278 ||   546
         Headbutt          |     7 |    26 |    47 ||    80
    Use: Scroll            |       |       |     4 ||     4
         Potion            |       |       |     4 ||     4
 Armour: Scale mail        |    37 |   168 |       ||   205
         Chain mail        |       |    52 |   166 ||   218
         Plate armour      |       |       |   171 ||   171
  Dodge: Dodged            |    35 |   130 |   132 ||   297
  Block: Buckler           |    14 |    65 |    95 ||   174
